 Dungeon Crawl Stone Soup version 0.25.0-10-g039870e (webtiles) character file.

Game seed: 12267375014078306390

6554 vertexvortex the Arsonist (level 10, 0/84 HPs)
             Began as a Pale Draconian Fire Elementalist on June 23, 2020.
             Was a Believer of Sif Muna.
             Slain by a wyvern (13 damage)
             ... on level 9 of the Dungeon.
             The game lasted 01:01:51 (10609 turns).

vertexvortex the Arsonist (DrFE)                   Turns: 10609, Time: 01:01:52

Health: 0/84       AC: 12    Str:  9 (10) XL:     10   Next: 70%
Magic:  16/16      EV: 12    Int: 18      God:    Sif Muna [**....]
Gold:   412        SH:  0    Dex: 13      Spells: 8/17 levels left

rFire    . . .     SeeInvis .   q - +2 short sword (venom)
rCold    . . .     Gourm    .   (no shield)
rNeg     . . .     Faith    .   (armour unavailable)
rPois    .         Spirit   .   (helmet restricted)
rElec    .         Reflect  .   (no cloak)
rCorr    .         Harm     .   w - +0 pair of gloves
MR       .....                  (no boots)
Stlth    ++........             (no amulet)
HPRegen  0.24/turn              p - +4 ring of protection
MPRegen  0.15/turn              (no ring)

@: very slightly contaminated
A: breathe steam, unfitting armour, talons 1, deterioration 1, cold-blooded, AC
+7
a: Breathe Steam, Channel Magic, Renounce Religion


You were on level 9 of the Dungeon.
You worshipped Sif Muna.
Sif Muna was pleased with you.
You were hungry.

You visited 2 branches of the dungeon, and saw 11 of its levels.

You collected 500 gold pieces.
You spent 88 gold pieces at shops.

Inventory:

Hand Weapons
 e - a +0 spear
 f - a +1 dagger of speed
 q - a +2 short sword of venom (weapon)
 r - a +2 dire flail of holy wrath
 t - a +2 hunting sling of freezing
 D - a +2 spear of venom
Missiles
 c - 238 stones (quivered)
 L - 13 sling bullets
Armour
 g - the cursed -5 helmet of Ykuoplu {*Slow rF+ Str+2, unknown}
   (You found it on level 6 of the Dungeon)

   It affects your strength (+2).
   It protects you from fire.
   It may slow you when you take damage.
   It has a curse placed upon it.
 w - a +0 pair of gloves (worn)
 A - a +2 kite shield
 E - a +0 buckler
Magical Staves
 v - an uncursed staff of wizardry
Jewellery
 p - a +4 ring of protection (left hand)
Wands
 i - a wand of flame (40)
 j - a wand of paralysis (7)
 I - a wand of digging (6)
Scrolls
 h - a scroll of remove curse
 k - 3 scrolls of teleportation
 n - 2 scrolls of fear
 o - 7 scrolls of identify
 y - a scroll of magic mapping
 B - a scroll of fog
 G - a scroll of holy word {unknown}
 J - a scroll of random uselessness {unknown}
Potions
 a - a potion of degeneration {unknown}
 d - a potion of invisibility
 l - 4 potions of lignification
 m - 3 potions of brilliance
 s - a potion of resistance
 x - a potion of haste {unknown}
 z - a potion of stabbing
Miscellaneous
 H - a phial of floods
Comestibles
 b - 7 rations
 K - 7 chunks of flesh


   Skills:
 * Level 6.8 Fighting
 - Level 0.1 Short Blades
 - Level 1.0 Maces & Flails
 + Level 4.2 Slings
 - Level 1.7 Dodging
 - Level 1.7 Stealth
 - Level 4.0 Spellcasting
 + Level 8.5 Conjurations
 + Level 9.1 Fire Magic
 * Level 4.7 Invocations
 * Level 6.3 Evocations


You had 8 spell levels left.
You knew the following spells:

 Your Spells              Type           Power        Failure   Level  Hunger
a - Foxfire               Conj/Fire      ####         1%          1    None
b - Conjure Flame         Conj/Fire      #####...     1%          3    ###....
c - Fireball              Conj/Fire      #####.....   11%         5    ######.

Your spell library contained the following spells:

 Spells                   Type           Power        Failure   Level  Hunger
 Sticky Flame             Conj/Fire      #####...     3%          4    ####...
 Inner Flame              Hex/Fire       ###.....     7%          3    ###....


Dungeon Overview and Level Annotations

Branches:
Dungeon (10/15)            Temple (1/1) D:5             Orc (0/2) D:9
   Lair: D:8-11

Altars:
Cheibriados
Dithmenos
Elyvilon
Fedhas
Gozag
Hepliaklqana
Kikubaaqudgha
Makhleb
Nemelex Xobeh
Qazlal
Ru
Sif Muna
Trog
Uskayaw
Vehumet
Wu Jian
Xom
Yredelemnul
Zin
The Shining One

Shops:
D:5 !


Innate Abilities, Weirdness & Mutations

You can breathe blasts of scalding, opaque steam.
Your pale cyan-grey scales are hard. (AC +7)
You cannot fit into any form of body armour.
You are cold-blooded and may be slowed by cold attacks.
You have sharp toenails.
Your body sometimes deteriorates upon taking damage.


Message History

Aim: a wyvern (lightly wounded, very poisoned)
The puff of flame hits the wyvern.
The wyvern is moderately wounded.
The wyvern bites you.
* * * LOW HITPOINT WARNING * * *
The wyvern closely misses you.
Evoke which item? (* to show all) (? for menu, Esc to quit)
Aiming: Throw Flame
Press: ? - help, Shift-Dir - straight line, f/p - wyvern
Aim: a wyvern (moderately wounded, very poisoned)
The puff of flame hits the wyvern.
The wyvern is moderately wounded.
The wyvern bites you.
* * * LOW HITPOINT WARNING * * *
Blink to where?
Press: ? - help, Dir - move target cursor, p - wyvern You are very lightly contaminated with residual magic.
As you read the scroll of blinking, it crumbles to dust.
The wyvern bites you!
You die...

....[##...##..##..####### *##
..........##[.##.....## *#.##
.......>..##..##......# *#.#.##
.....##...##...#......# ##.###.##
.....###g###...#...<..###(##.##.#
.....#..gg##..##.##..###.##...##.
.....#..(.##..##.######(##..#..##
.....##...##......# ##§##..###..#
.....##.g.##....@l###)##..##.##..
........(.##.......#.##..##.."##.
..........##....##..##..##...##..
...........#.....#.##..##..#8#..#
...........#.....##...##..##...#*
...........#.....###.##g.##}..#*,
........)..#....##*##.##..##:#*,,
........÷..#....#*,,...##..##*,,*
...........#....*,,,,...##..*,,**


You could see a wyvern (poisoned) and a gnoll.

Vanquished Creatures
  A centaur warrior (D:9)
  An unseen horror (D:8)
  2 trolls (D:9)
  Grinder (D:4)
  A hippogriff (D:7)
  Eustachio (D:4)
  A hungry ghost (D:8)
  Edmund (D:5)
  A water moccasin (D:6)
  2 ice beasts
  3 orc warriors
  An eye of draining (D:9)
  A phantom (D:6)
  3 sky beasts
  2 centaurs
  3 ogres
  A crocodile (D:8)
  5 big kobolds (D:9)
  5 bullfrogs
  4 gnoll sergeants
  A scorpion (D:5)
  6 killer bees (D:8)
  4 wights (D:6)
  3 howler monkeys
  A bullfrog zombie (D:6)
  A crimson imp (D:7)
  4 orc priests
  3 hounds
  A jelly (D:8)
  2 bullfrog skeletons
  4 iguanas
  Ijyb (D:4)
  Natasha (thrice) (D:4)
  5 worker ants
  2 orc wizards (D:5)
  3 hound zombies
  A hound skeleton (D:4)
  2 howler monkey zombies
  2 worker ant zombies
  16 gnolls
  13 adders
  3 shadow imps
  An ooze (D:3)
  An adder skeleton (D:4)
  2 adder zombies
  6 worms
  A dart slug (D:2)
  4 leopard geckos
  16 orcs
  6 giant cockroaches
  4 hobgoblins
  2 jackals (D:3)
  2 quokkas
  11 bats
  7 frilled lizards
  10 goblins
  6 kobolds
  A leopard gecko zombie (D:6)
  A quokka skeleton (D:6)
  13 rats
215 creatures vanquished.

Vanquished Creatures (others)
  734 foxfires
734 creatures vanquished.

Grand Total: 949 creatures vanquished

Notes
Turn   | Place    | Note
-------+----------+-------------------------------------------
     0 | D:1      | vertexvortex the Draconian Fire Elementalist began the
                  | quest for the Orb.
     0 | D:1      | Reached XP level 1. HP: 14/14 MP: 3/3
   231 | D:1      | Reached XP level 2. HP: 20/20 MP: 3/5
   777 | D:1      | Reached XP level 3. HP: 26/26 MP: 4/6
  1122 | D:2      | Found a blossoming altar of Fedhas.
  1134 | D:2      | Found a stormy altar of Qazlal.
  1356 | D:2      | Learned a level 3 spell: Conjure Flame
  1711 | D:3      | Reached skill level 4 in Fire Magic
  1711 | D:3      | Reached XP level 4. HP: 30/33 MP: 3/7
  2060 | D:3      | Found an opulent altar of Gozag.
  2060 | D:3      | Found a sparkling altar of Nemelex Xobeh.
  2066 | D:3      | Reached XP level 5. HP: 38/38 MP: 5/9
  3168 | D:4      | Noticed Eustachio
  3180 | D:4      | Killed Eustachio
  3180 | D:4      | Reached XP level 6. HP: 38/45 MP: 6/11
  3224 | D:4      | Noticed Grinder
  3225 | D:4      | Found a shimmering altar of Xom.
  3260 | D:4      | HP: 1/46 [Grinder/puff of flame (5)]
  3271 | D:4      | Killed Grinder
  3271 | D:4      | Reached skill level 1 in Fighting
  3271 | D:4      | Reached skill level 5 in Fire Magic
  3271 | D:4      | Your scales start taking on a pale cyan-grey colour.
  3271 | D:4      | Reached XP level 7. HP: 19/53 MP: 1/13
  3637 | D:4      | Noticed Natasha
  3644 | D:4      | Killed Natasha
  3654 | D:4      | Noticed Natasha
  3664 | D:4      | Killed Natasha
  3788 | D:4      | Noticed Ijyb
  3796 | D:4      | Killed Ijyb
  3835 | D:4      | Noticed Natasha
  3839 | D:4      | Killed Natasha
  3995 | D:5      | Entered Level 5 of the Dungeon
  4098 | D:5      | Reached skill level 5 in Conjurations
  4104 | D:5      | Reached skill level 6 in Fire Magic
  4112 | D:5      | Reached skill level 1 in Evocations
  4427 | D:5      | Found Numyobeph's Distillery.
  4431 | D:5      | Bought a potion of mutation for 88 gold pieces
  4431 | D:5      | Gained mutation: Your body sometimes deteriorates upon
                  | taking damage. [potion of mutation]
  4431 | D:5      | Gained mutation: You have sharp toenails. [potion of
                  | mutation]
  4569 | D:5      | Noticed Edmund
  4585 | D:5      | Killed Edmund
  4585 | D:5      | Reached XP level 8. HP: 48/63 MP: 11/14
  4613 | D:5      | Found a staircase to the Ecumenical Temple.
  4646 | Temple   | Entered the Ecumenical Temple
  4828 | Temple   | Became a worshipper of Sif Muna the Loreminder
  4917 | D:5      | Learned a level 5 spell: Fireball
  5766 | D:6      | Reached skill level 7 in Fire Magic
  6211 | D:6      | Got a glimmering helmet
  6722 | D:6      | Reached XP level 9. HP: 72/72 MP: 15/15
  7482 | D:7      | Reached skill level 1 in Slings
  7485 | D:7      | Reached skill level 1 in Maces & Flails
  7525 | D:7      | Reached * piety under Sif Muna
  7728 | D:7      | Found a shadowy altar of Dithmenos.
  7786 | D:7      | Found a hide-covered altar of Uskayaw.
  7843 | D:7      | Reached skill level 5 in Fighting
  7889 | D:7      | Found a white marble altar of Elyvilon.
  8081 | D:7      | Reached skill level 1 in Invocations
  8680 | D:8      | Reached skill level 8 in Fire Magic
  9061 | D:8      | Reached skill level 5 in Evocations
  9094 | D:8      | Killed an unseen horror
  9094 | D:8      | Reached XP level 10. HP: 32/83 MP: 4/16
  9493 | D:8      | You fall into a shaft and drop 2 floors!
  9493 | D:10     | Entered Level 10 of the Dungeon
  9710 | D:9      | Reached ** piety under Sif Muna
 10257 | D:9      | Found a staircase to the Orcish Mines.
 10583 | D:9      | Noticed a centaur warrior
 10598 | D:9      | HP: 2/84 [centaur warrior (10)]
 10601 | D:9      | Killed a centaur warrior
 10601 | D:9      | Reached skill level 9 in Fire Magic
 10609 | D:9      | Slain by a wyvern

Illustrated notes

Levels and vault maps discovered:
D:1:      shiori_arrival_elements, layout_basic
D:2:      layout_rooms, grunt_temple_overflow_forces_of_nature, first_ration
D:3:      layout_basic, grunt_temple_overflow_opulence
D:4:      layout_loops_cross, old_standard_altar, uniq_grinder, uniq_eustachio,
          uniq_natasha, uniq_ijyb
D:5:      layout_loops_corners, minmay_temple_entry_mist, serial_shops, shop,
          uniq_edmund
D:6:      layout_layer_cave
D:7:      layout_loops_ring, kennysheep_mini, lemuel_crystal_altar,
          grunt_dithmenos_smoke_and_mirrors
D:8:      layout_loops_ring, okawaru_altar_gauntlet_db, minivault_19,
          grunt_livestock, st_stairs_10
D:9:      lemuel_upstairs_altar, layout_gridville, ashenzari_altar_1,
          kennysheep_orc_monster_closet_entryway, minmay_diamond_spiral
D:10:     wander_kiku_kobolds, layout_basic
Temple:   nicolae_temple_figure_eight

Skill      XL: |  1  2  3  4  5  6  7  8  9 10 |
---------------+-------------------------------+-----
Conjurations   | 2 4 5 6 7 8 |  8.5
Fire Magic     | 4 5 6 7 8 9 |  9.1
Spellcasting   | 3 4 |  4.0
Fighting       | 1 3 4 6 |  6.8
Evocations     | 2 3 5 6 |  6.3
Slings         | 3 4 |  4.2
Maces & Flails | 1 |  1.0
Invocations    | 3 4 |  4.7
Short Blades   | |  0.1
Dodging        | |  1.7
Stealth        | |  1.7

Action                   |  1- 3 |  4- 6 |  7- 9 | 10-12 || total
-------------------------+-------+-------+-------+-------++-------
Melee: Unarmed           |    12 |       |       |       ||    12
       Dagger            |    31 |       |       |       ||    31
       Spear             |     8 |       |       |     4 ||    12
       Tailslap          |     4 |     4 |    13 |     6 ||    27
       Short sword       |     1 |    48 |    59 |    40 ||   148
       Kick              |       |       |    14 |    11 ||    25
       Staff             |       |       |    11 |       ||    11
       Dire flail        |       |       |    25 |     6 ||    31
 Fire: Hunting sling     |       |       |    45 |    18 ||    63
Throw: Stone             |       |     1 |       |       ||     1
 Cast: Foxfire           |    64 |    76 |   167 |   123 ||   430
       Conjure Flame     |       |       |     9 |     6 ||    15
       Fireball          |       |       |       |     1 ||     1
Invok: Channel Magic     |       |       |       |     2 ||     2
 Abil: Breathe Steam     |       |       |     7 |     1 ||     8
Evoke: Wand              |       |       |       |     5 ||     5
  Use: Scroll            |       |     7 |     4 |     3 ||    14
       Potion            |       |    11 |     4 |     2 ||    17
 Stab: Sleeping          |     1 |     1 |       |     1 ||     3
  Eat: Chunk             |     3 |     4 |    10 |     3 ||    20
       Ration            |       |     1 |     2 |     1 ||     4
Armor: Skin              |    36 |    19 |    68 |    26 ||   149
Dodge: Dodged            |    52 |    41 |   124 |    43 ||   260
